Map: King's Cove LE

Players

Elrufete - Winner!

  • Race: Zerg Zerg
  • League: Platinum
  • Spawn Location: 11:00

Takker

  • Race: Protoss Protoss
  • League: Silver
  • Spawn Location: 5:00

VOD

Have the link to the VOD?

Description

Time

  • Played on: May 26, 2019, 8:23 p.m.
  • Length: 9:11
Show
View Real Time Build Order
Export as new Build Order

Elrufete Zerg - Winner!

Build Orders: Hatch First 

Get SALT Encoding   

  12  0:01  Drone  
  13  0:12  Overlord  
  13  0:18  Drone  
  14  0:33  Drone x2  
  16  0:37  Drone  
  17  0:54  Hatchery  
  16  0:57  Drone  
  16  1:00  Drone  
  18  1:11  Extractor  
  18  1:16  Spawning Pool  
  16  1:18  Drone  
  16  1:22  Drone  
  18  1:29  Drone  
  19  1:40  Overlord  
  19  1:57  Drone  
  20  2:04  Queen, Zergling x2  
  20  2:07  Queen  
  25  2:09  Drone  
  26  2:18  Drone x2  
  26  2:19  Metabolic Boost  
  28  2:28  Drone x2  
  30  2:33  Overlord  
  30  2:47  Drone  
  30  2:48  Drone  
  32  3:02  Drone x3  
  35  3:13  Queen x2  
  35  3:14  Roach Warren  
  38  3:26  Roach Warren  
  37  3:27  Spore Crawler  
  37  3:30  Spore Crawler  
  37  3:33  Extractor  
  35  3:50  Drone x2  
  35  3:51  Queen  
  35  3:52  Queen  
  41  3:57  Zergling x6  
  44  4:03  Hatchery  
  43  4:24  Drone  
  43  4:27  Overlord x2  
  43  4:28  Overlord  
  44  4:51  Drone x3  
  44  4:52  Drone x4  
  51  4:57  Roach  
  53  5:07  Extractor, Drone x2  
  54  5:23  Roach x4  
  54  5:24  Roach x2  
  54  5:25  Queen  
  68  5:38  Roach x3  
  68  5:40  Overlord x3  
  74  6:04  Roach  
  74  6:05  Roach x3  
  74  6:06  Drone x3  
  85  6:15  Lair  
  85  6:28  Evolution Chamber  
  85  6:30  Evolution Chamber  
  83  6:34  Roach x5  
  83  6:35  Drone x4  
  83  6:36  Drone  
  83  6:37  Overlord x2  
  98  6:53  Hatchery  
  97  6:58  Hatchery  
  97  7:00  Roach x4  
  103  7:05  Drone x3  
  106  7:11  Ravager x2  
  106  7:12  Ravager  
  109  7:24  Glial Reconstitution  
  109  7:29  Drone x2  
  112  7:30  Drone x3  
  114  7:46  Overlord x3  
  109  8:03  Zergling x10  
  109  8:04  Overlord x3  
  104  8:23  Roach x4  
  104  8:24  Roach x3  
  104  8:25  Overlord  
  101  8:45  Hydralisk Den  
  101  8:47  Zergling x10  
Show
View Real Time Build Order
Export as new Build Order

Takker Protoss 

Build Orders:  

Get SALT Encoding   

  1  0:00  Probe  
  13  0:07  Probe  
  14  0:27  Pylon  
  14  0:31  Probe  
  14  0:32  Assimilator  
  15  0:48  Gateway  
  15  0:50  Probe  
  16  1:00  Probe  
  17  1:08  Probe  
  17  1:16  Probe  
  19  1:28  Probe  
  19  1:31  Forge  
  20  1:36  Assimilator  
  20  1:40  Zealot, Probe  
  23  2:05  Pylon  
  23  2:10  Pylon  
  23  2:16  Pylon  
  23  2:19  Pylon  
  23  2:23  Zealot, Probe  
  26  2:35  Cybernetics Core, Probe  
  27  2:47  Probe  
  27  2:50  Zealot  
  30  3:00  Probe  
  31  3:07  Pylon  
  31  3:12  Probe  
  32  3:24  Zealot  
  33  3:45  Nexus  
  33  3:51  Stalker  
  33  3:55  Photon Cannon  
  35  3:57  Probe  
  36  4:09  Photon Cannon  
  36  4:21  Stalker  
  38  4:29  Probe  
  39  4:39  Warp Gate  
  39  4:41  Probe  
  40  4:46  Photon Cannon  
  40  4:51  Stalker  
  42  4:53  Probe, Pylon  
  43  5:12  Stalker  
  43  5:13  Gateway  
  43  5:18  Probe  
  43  5:20  Assimilator  
  46  5:23  Assimilator, Probe  
  46  5:26  Probe  
  48  5:36  Probe  
  48  5:40  Stalker  
  51  5:48  Probe  
  52  6:11  Sentry  
  54  6:14  Pylon  
  54  6:16  Probe  
  54  6:17  Pylon  
  55  6:23  Pylon  
  55  6:26  Pylon  
  55  6:37  Stalker  
  57  6:46  Robotics Facility x2  
  57  6:48  Stargate  
  57  7:04  Stalker  
  57  7:07  Stalker  
  61  7:30  Sentry  
  61  7:36  Pylon  
  63  7:37  Stalker  
  63  7:38  Immortal x2  
  63  7:41  Pylon, Void Ray  
  65  8:07  Sentry  
  49  8:20  Zealot  
  49  8:24  Void Ray  
  41  8:52  Zealot x2  
Tags
 
Add a new tag
Caveats
  • Supply blocks, unpowered buildings, or Contaminate may cause inaccurate times.
  • Supply counts are checked every 10 seconds.